 Dungeon Crawl Stone Soup version 0.31.0-32-g396128a36d (webtiles) character file.

Game seed: 13735886832411762675

34 monsoonserge the Ruffian (level 3, -1/26 HPs)
             Began as an Octopode Fighter on Mar 12, 2024.
             Slain by Robin
             ... wielding a +0 spear
              (5 damage)
             ... on level 2 of the Dungeon.
             The game lasted 00:02:55 (851 turns).

monsoonserge the Ruffian (Octopode Fighter)          Turns: 851, Time: 00:02:56

Health: -1/26      AC:  1    Str: 17    XL:     3   Next: 31%
Magic:  3/3        EV: 13    Int: 10    God:
Gold:   91         SH:  4    Dex: 11    Spells: 2/2 levels left

rFire   . .          .
                       - Unarmed
rCold   . . .        a - +0 buckler
rNeg    . . .        (helmet restricted)
rPois   .            (no amulet)
rElec   .            (no ring)
rCorr   .            (no ring)
SInv    .            (no ring)
Will    .....        (no ring)
Stlth   ++           (no ring)
HPRegen 0.24/turn    (no ring)
MPRegen 0.08/turn    (no ring)
                     (no ring)

%: no passive effects
@: no status effects
A: almost no armour, amphibious, 8 rings, camouflage 1, gelatinous body 1,
(nimble swimmer 1), tentacles
a: no special abilities


You were on level 2 of the Dungeon.
You visited 1 branch of the dungeon, and saw 2 of its levels.

You collected 91 gold pieces.

Inventory:

Armour
 a - a +0 buckler (worn)
Scrolls
 e - a scroll of noise {unknown}
 f - a scroll of identify {unknown}
Potions
 b - a potion of might


   Skills:
 - Level 3.0 Fighting
 - Level 3.0 Dodging
 + Level 0.4 Stealth
 - Level 3.0 Shields
 * Level 3.6 Unarmed Combat


You had 2 spell levels left.
You didn't know any spells.
Your spell library contained the following spells:

 Spells                   Type           Power      Damage    Failure   Level
 Tukima's Dance           Hex            0%         N/A       82%         3
 Dimensional Bullseye     Hex/Tloc       0%         N/A       99%         4
 Iskenderun's Mystic Bla  Conj/Tloc      0%         2d3       99%         4


Dungeon Overview and Level Annotations

Branches:
Dungeon (2/15)

Altars:

Shops:
D:1 ?

Annotations:
D:2 Robin


Innate Abilities, Weirdness & Mutations

You cannot wear most types of armour.
You are amphibious.
You can wear up to eight rings at the same time.
Your skin changes colour to match your surroundings (Stealth+).
Your rubbery body absorbs attacks. (AC +1, EV +1)
((You are camouflaged when in or above water. (Stealth+)))
You have tentacles for arms and can constrict up to eight enemies at once.


Message History

The goblin is heavily wounded.
Robin hits you but does no damage. The goblin hits you but does no damage.
You smack the goblin!
You kill the goblin!
Robin hits you but does no damage. You block Robin's attack.
Robin hits you but does no damage.
Robin hits you from afar with a +0 spear.
* * * LOW HITPOINT WARNING * * *
Robin hits you but does no damage. Robin hits you but does no damage.
Your extra speed is starting to run out.
Robin hits you from afar with a +0 spear.
* * * LOW HITPOINT WARNING * * *
There are no items here.
Your transformation is almost over.
Robin hits you but does no damage. Robin hits you but does no damage.
Robin hits you but does no damage. Robin hits you but does no damage.
You feel yourself slow down. Robin hits you but does no damage.
Robin hits you but does no damage. Robin hits you but does no damage.
Robin hits you but does no damage.
Your enlightenment fades.
Robin roars a battlecry!
You feel less wooden.
Robin hits you from afar with a +0 spear.
* * * LOW HITPOINT WARNING * * *
Robin misses you.
Items here: ))) ††.
You barely miss Robin. Your grab misses Robin. You squeeze Robin.
Robin is moderately wounded.
You tentacle-slap Robin but do no damage.
You grab Robin.
Robin is moderately wounded.
You constrict Robin. Robin hits you with a +0 spear.
You die...
Robin says, "And that's why I'm the boss."

....... g.... g.<..
#g..# #...# #...#
#...# #######g#
#...).@g# #.#####.#
#.#####.####
######.##.......#
#...##.#...#.##.#
#...............######
#...####...#.........#
##.## ##.##.#..####.#
#.# #.##.#..# #.#


You could see Robin and a hobgoblin (strong).

Vanquished Creatures
  2 dart slugs (D:1)
  3 endoplasms
  9 goblins
  5 hobgoblins
  A kobold (D:1)
  A ball python (D:1)
  4 bats (D:1)
  2 rats (D:1)
27 creatures vanquished.

Notes
Turn   | Place    | Note
-------+----------+-------------------------------------------
     0 | D:1      | monsoonserge the Octopode Fighter began the quest for the
                  | Orb.
     0 | D:1      | Reached XP level 1. HP: 16/16 MP: 1/1
   121 | D:1      | Reached XP level 2. HP: 21/21 MP: 2/2
   332 | D:1      | Found Lexkaidd's Magic Scroll Shop.
   770 | D:2      | Noticed Robin
   778 | D:2      | Reached XP level 3. HP: 21/26 MP: 3/3
   851 | D:2      | Slain by Robin

Illustrated notes

Levels and vault maps discovered:
D:1:      lightli_arrival_flooded_house, layout_loops_ring, serial_shops, shop,
          chequers_serial_rivers_room_b, amcnicky_mini_corridor_feature
D:2:      layout_loops_cross, uniq_terence, uniq_robin

Skill      XL: |  1  2 |
---------------+-------+-----
Unarmed Combat | 3 |  3.6
Fighting       | |  3.0
Dodging        | |  3.0
Stealth        | |  0.4
Shields        | |  3.0

Action                     || total
---------------------------++-------
  Melee: Unarmed           ||    62
         Constrict         ||    10
         Tentacles         ||     6
    Use: Potion            ||     3
 Armour: Skin              ||    52
  Dodge: Dodged            ||    38
  Block: Buckler           ||    15
